[Event "2023 Norbert Muller Cup (Division C)"]
[Site "Woodvale, Perth WA AUS"]
[Date "2023.11.15"]
[Round "6"]
[White "Walker, Colin"]
[Black "Brooke, John"]
[Result "1-0"]
[ECO "D00"]
[WhiteElo "1461"]
[BlackElo "1462"]
[PlyCount "69"]
[EventDate "2023.10.11"]
[EventType "tourn"]
[EventRounds "7"]
[EventCountry "AUS"]
[TimeControl "3600+30"]

1. d4 d5 2. Nf3 Bf5 3. Nc3 Nf6 4. h3 h6 5. Bf4 c6 6. b4 b5 7. a3 e6 8. Ne5 Bd6
9. e3 Qc7 10. Bd3 Bxd3 11. Nxd3 Nbd7 12. Bxd6 Qxd6 13. O-O Qe7 14. Re1 Ne4 15.
Nxe4 dxe4 16. Nf4 O-O-O 17. Rc1 Nf6 18. c4 e5 19. Ne2 bxc4 20. Rxc4 Nd5 21. Qc1
Rd6 22. dxe5 Re6 23. Rxe4 f5 24. Rc4 Kd8 25. Nd4 Rxe5 26. b5 Nb6 27. Rxc6 Qb7
28. Rd1 Ke8 29. Rc7 Qe4 30. Rxa7 Rf8 31. Qc7 Re7 32. Qxb6 Rxa7 33. Qxa7 Qe5 34.
Nc6 Qf6 35. Qd7# 1-0

[Event "2023 Norbert Muller Cup (Division C)"]
[Site "Woodvale, Perth WA AUS"]
[Date "2023.11.15"]
[Round "6"]
[White "Boswarva, Ernest"]
[Black "Akers, Gerard"]
[Result "0-1"]
[ECO "A30"]
[WhiteElo "1537"]
[BlackElo "1562"]
[PlyCount "80"]
[EventDate "2023.10.11"]
[EventType "tourn"]
[EventRounds "7"]
[EventCountry "AUS"]
[TimeControl "3600+30"]

1. d4 Nf6 2. e3 g6 3. Nf3 d5 4. Be2 Bg7 5. O-O O-O 6. b3 b6 7. Bb2 c5 8. c4 Bb7
9. Nc3 cxd4 10. Nxd4 e5 11. Nf3 Re8 12. Qc2 Na6 13. Ba3 d4 14. Rad1 Qc7 15. Nb5
Qc6 16. Nd6 dxe3 17. Nxe8 exf2+ 18. Kh1 Nxe8 19. Rd6 Nxd6 20. Rxf2 e4 21. Ng5
h6 22. Nh3 Nf5 23. Nf4 Nd4 24. Qd1 Nxe2 25. Qxe2 Qd7 26. Nd5 Bxd5 27. cxd5 Nc5
28. Qc4 Rc8 29. Re2 Rd8 30. Rd2 Qf5 31. Kg1 Nd3 32. d6 Qf4 33. Rxd3 Be5 34. g3
Qf5 35. Rd1 e3 36. Rf1 Qe6 37. Qxe6 fxe6 38. Rd1 Bc3 39. Kf1 Bd2 40. Bc1 Rxd6 {
Time expired} 0-1

[Event "2023 Norbert Muller Cup (Division D)"]
[Site "Woodvale, Perth WA AUS"]
[Date "2023.11.15"]
[Round "6"]
[White "Hounsome, David"]
[Black "Knight, Charles"]
[Result "1/2-1/2"]
[ECO "A01"]
[WhiteElo "1417"]
[BlackElo "1440"]
[PlyCount "79"]
[EventDate "2023.10.11"]
[EventType "swiss"]
[EventRounds "7"]
[EventCountry "AUS"]
[TimeControl "3600+30"]

1. b3 e5 2. Bb2 d6 3. e3 Nf6 4. c4 Nc6 5. d4 Bf5 6. a3 exd4 7. exd4 Be7 8. Nf3
O-O 9. Nc3 Re8 10. Nh4 Bg4 11. f3 Bh5 12. Be2 Qd7 13. O-O d5 14. cxd5 Nxd5 15.
Nxd5 Bxh4 16. Nf4 Qf5 17. Nxh5 Qxh5 18. Rc1 Rad8 19. Rc5 Qxc5 20. dxc5 Rxd1 21.
Bxd1 Bg5 22. b4 a5 23. b5 Ne5 24. Bxe5 Be3+ 25. Kh1 Rxe5 26. Re1 Rd5 27. h3
Bxc5 28. a4 g6 29. Bb3 Rd3 30. Rc1 Rxb3 31. Rxc5 Rb4 32. Rxc7 Rxa4 33. Rxb7 Rb4
34. b6 Kg7 35. Ra7 Rxb6 36. Rxa5 h5 37. h4 Rb4 38. g3 Rb3 39. Kg2 Rb2+ 40. Kf1
1/2-1/2

[Event "2023 Norbert Muller Cup (Division D)"]
[Site "Woodvale, Perth WA AUS"]
[Date "2023.11.15"]
[Round "6"]
[White "Powell, Darren"]
[Black "Nel, Kevin"]
[Result "0-1"]
[ECO "C27"]
[WhiteElo "1336"]
[BlackElo "1147"]
[PlyCount "78"]
[EventDate "2023.10.11"]
[EventType "swiss"]
[EventRounds "7"]
[EventCountry "AUS"]
[TimeControl "3600+30"]

1. e4 e5 2. Bc4 Nf6 3. Nc3 Bc5 4. d3 c6 5. Nf3 d5 6. exd5 cxd5 7. Bb3 O-O 8.
O-O Nc6 9. Bg5 Bg4 10. Bxd5 Qb6 11. Na4 Qb5 12. c4 Qa5 13. a3 Bxf3 14. Bxf3 e4
15. b4 Bxf2+ 16. Rxf2 Qxg5 17. dxe4 Rad8 18. Qb1 Ne5 19. Qb3 Rd3 20. Qb2 Nxf3+
21. Rxf3 Rxf3 22. Qe2 Re3 23. Qf1 Ng4 24. Ra2 Rh3 25. g3 Qe3+ 26. Kh1 Re8 27.
Nc5 Re5 28. Qd1 h6 29. Qxg4 Reh5 30. Nd7 Qe1+ 31. Kg2 Rxh2+ 32. Kf3 Qd1+ 33.
Kf4 Qf1+ 34. Ke3 Qc1+ 35. Kf3 Qc3+ 36. Kf4 g5+ 37. Kf5 Qxc4 38. Nf6+ Kf8 39.
Rxh2 Qe6# 0-1

[Event "2023 Norbert Muller Cup (Division D)"]
[Site "Woodvale, Perth WA AUS"]
[Date "2023.11.15"]
[Round "6"]
[White "Jahn, Harold"]
[Black "Dawoud, Ahmad"]
[Result "0-1"]
[ECO "B00"]
[WhiteElo "997"]
[BlackElo "966"]
[PlyCount "74"]
[EventDate "2023.10.11"]
[EventType "swiss"]
[EventRounds "7"]
[EventCountry "AUS"]
[TimeControl "3600+30"]

1. d4 d5 2. e4 Nc6 3. Be3 e6 4. Nc3 Bb4 5. Bd2 Nxd4 6. Nf3 Nxf3+ 7. Qxf3 d4 8.
Qd3 dxc3 9. Bxc3 Qxd3 10. Bxd3 Bxc3+ 11. bxc3 e5 12. O-O-O Ne7 13. Rd2 O-O 14.
h4 h5 15. Be2 Bg4 16. f3 Be6 17. g4 Rfd8 18. gxh5 Rxd2 19. Kxd2 f5 20. Rg1 Kh7
21. Bd3 Rd8 22. Rg6 Nxg6 23. hxg6+ Kxg6 24. Kc1 f4 25. Kb2 Rh8 26. a4 Rxh4 27.
c4 c5 28. a5 Bd7 29. Kb3 Kf7 30. c3 g5 31. Kc2 g4 32. fxg4 Bxg4 33. Kd2 f3 34.
Ke3 Rh2 35. Bf1 Bh3 36. Bxh3 Rxh3 37. Kf2 Kg6 0-1

[Event "2023 Norbert Muller Cup (Division D)"]
[Site "Woodvale, Perth WA AUS"]
[Date "2023.11.15"]
[Round "6"]
[White "Porteus, Grant"]
[Black "Lanham, Bruce"]
[Result "0-1"]
[ECO "D35"]
[WhiteElo "1431"]
[BlackElo "1215"]
[PlyCount "49"]
[EventDate "2023.10.11"]
[EventType "swiss"]
[EventRounds "7"]
[EventCountry "AUS"]
[TimeControl "3600+30"]

1. d4 d5 2. Bf4 Nf6 3. c4 e6 4. Nc3 dxc4 5. e4 c5 6. Bxc4 cxd4 7. Qa4+ Bd7 8.
Nb5 Bxb5 9. Qxb5+ Qd7 10. Bxb8 Rxb8 11. a3 Nxe4 12. Qe5 Nd6 13. Qxd4 Nxc4 14.
Qxc4 Rc8 15. Qg4 Rc2 16. Rd1 Qe7 17. Qa4+ Rc6 18. Qxa7 Qc7 19. b4 Bd6 20. Nf3
Ke7 21. Nd4 Ra6 22. Nb5 Rxa7 23. Nxc7 Bxc7 24. Ra1 Rd8 25. Ke2 {Scoresheet not
clear} 0-1

[Event "2023 Norbert Muller Cup (Division D)"]
[Site "Woodvale, Perth WA AUS"]
[Date "2023.11.15"]
[Round "6"]
[White "May, Wendy"]
[Black "Markou, Victor"]
[Result "1-0"]
[ECO "C41"]
[WhiteElo "875"]
[BlackElo "1042"]
[PlyCount "27"]
[EventDate "2023.10.11"]
[EventType "swiss"]
[EventRounds "7"]
[EventCountry "AUS"]
[TimeControl "3600+30"]

1. e4 e5 2. Nf3 d6 3. d4 Nd7 4. d5 Ngf6 5. Nc3 g6 6. Be2 Bg7 7. O-O O-O 8. Bg5
Re8 9. Qd2 c6 10. Bh6 Bh8 11. dxc6 Nc5 12. Ng5 bxc6 13. Bc4 Ng4 14. Bxf7# 1-0

[Event "2023 Norbert Muller Cup (Division A)"]
[Site "Woodvale, Perth WA AUS"]
[Date "2023.11.29"]
[Round "7"]
[White "Plaganyi, Gyula"]
[Black "Maris, Rob"]
[Result "0-1"]
[ECO "A48"]
[WhiteElo "1990"]
[WhiteTitle "CM"]
[BlackElo "2099"]
[PlyCount "80"]
[EventDate "2023.10.11"]
[EventType "tourn"]
[EventRounds "7"]
[EventCountry "AUS"]
[TimeControl "3600+30"]

1. d4 Nf6 2. Bf4 b6 3. Nf3 Bb7 4. e3 g6 5. Nbd2 Bg7 6. c3 O-O 7. h3 d6 8. Be2
Nbd7 9. O-O Qe8 10. Bh2 a5 11. a4 Rc8 12. Rc1 Ne4 13. Nxe4 Bxe4 14. Nd2 Bb7 15.
Bf3 Ba6 16. Be2 Bxe2 17. Qxe2 e5 18. Rfe1 Qe6 19. Qc4 d5 20. Qb3 c5 21. dxe5
Bxe5 22. c4 Bxh2+ 23. Kxh2 dxc4 24. Nxc4 Ne5 25. Red1 Nxc4 26. Rxc4 Rcd8 27.
Rxd8 Rxd8 28. Rc3 Rd5 29. g3 Qd6 30. e4 Rd4 31. Rf3 c4 32. Qc2 Rd3 33. Kg2 Qd4
34. Rf4 Rb3 35. e5 Qd5+ 36. Qe4 Qxe4+ 37. Rxe4 Rb4 38. b3 cxb3 39. Re1 Rxa4 40.
Rb1 Rb4 0-1

[Event "2023 Norbert Muller Cup (Division A)"]
[Site "Woodvale, Perth WA AUS"]
[Date "2023.11.29"]
[Round "7"]
[White "Saxon, Marc"]
[Black "Clarke, Daniel"]
[Result "1/2-1/2"]
[ECO "C77"]
[WhiteElo "2047"]
[BlackElo "1928"]
[PlyCount "34"]
[EventDate "2023.10.11"]
[EventType "tourn"]
[EventRounds "7"]
[EventCountry "AUS"]
[TimeControl "3600+30"]

1. e4 e5 2. Nf3 Nc6 3. Bb5 a6 4. Ba4 Nf6 5. d3 b5 6. Bb3 d6 7. Ng5 d5 8. exd5
Nd4 9. c4 h6 10. Ne4 Nxe4 11. dxe4 Bc5 12. cxb5 Qh4 13. O-O Bg4 14. Qd3 Be2 15.
Qg3 Qxg3 16. hxg3 Bxf1 17. Kxf1 axb5 1/2-1/2

[Event "2023 Norbert Muller Cup (Division A)"]
[Site "Woodvale, Perth WA AUS"]
[Date "2023.11.29"]
[Round "7"]
[White "Janceski, Alex"]
[Black "Gibson, Jacob"]
[Result "1-0"]
[ECO "E00"]
[WhiteElo "1878"]
[BlackElo "2018"]
[PlyCount "45"]
[EventDate "2023.10.11"]
[EventType "tourn"]
[EventRounds "7"]
[EventCountry "AUS"]
[TimeControl "3600+30"]

1. d4 d5 2. c4 e6 3. e3 Nf6 4. a3 Be7 5. Nd2 O-O 6. Ngf3 b6 7. g3 Bb7 8. Bg2 c5
9. O-O Nc6 10. dxc5 bxc5 11. b3 Qb6 12. Bb2 Ba6 13. Qc2 h6 14. Rab1 Rab8 15.
Rfc1 Rfd8 16. Bf1 d4 17. exd4 cxd4 18. b4 Bxb4 19. axb4 Nxb4 20. Qa4 Qc7 21.
Bxd4 Nc6 22. Rxb8 Nxb8 23. Be5 1-0

[Event "2023 Norbert Muller Cup (Division A)"]
[Site "Woodvale, Perth WA AUS"]
[Date "2023.11.24"]
[Round "7"]
[White "Wolstencroft, Alan"]
[Black "Curthoys, Edward"]
[Result "0-1"]
[ECO "B17"]
[WhiteElo "1865"]
[BlackElo "1934"]
[PlyCount "74"]
[EventDate "2023.10.11"]
[EventType "tourn"]
[EventRounds "7"]
[EventCountry "AUS"]
[TimeControl "3600+30"]

{Played away from club} 1. e4 c6 2. d4 d5 3. Nc3 dxe4 4. Nxe4 Nd7 5. Bc4 e6 6.
Nf3 Ngf6 7. Nxf6+ Nxf6 8. Bf4 Bd6 9. Bg3 O-O 10. Qd2 Qc7 11. O-O-O b5 12. Bd3
a5 13. Bxd6 Qxd6 14. Kb1 b4 15. Ne5 c5 16. Nf3 a4 17. dxc5 Qxc5 18. g4 Bb7 19.
g5 Nd5 20. Bxh7+ Kxh7 21. g6+ Kg8 22. Ng5 Nc3+ 23. Ka1 Bxh1 24. Qf4 fxg6 25.
Qh4 Qxg5 26. Qxg5 Nxd1 27. Qxg6 Bd5 28. Qg4 Nxf2 29. Qe2 Rac8 30. c3 b3 31. h4
Bc4 32. Qe1 Rcd8 33. axb3 axb3 34. Kb1 Rd1+ 35. Qxd1 Nxd1 36. Kc1 Ne3 37. Kd2
Nf5 0-1

[Event "2023 Norbert Muller Cup (Division B)"]
[Site "Woodvale, Perth WA AUS"]
[Date "2023.11.29"]
[Round "7"]
[White "Bhatia, Abhay"]
[Black "Michael, Ashley"]
[Result "1/2-1/2"]
[ECO "B22"]
[WhiteElo "1745"]
[BlackElo "1563"]
[PlyCount "65"]
[EventDate "2023.10.11"]
[EventType "tourn"]
[EventRounds "7"]
[EventCountry "AUS"]
[TimeControl "3600+30"]

1. e4 d5 2. e5 Bf5 3. d4 c5 4. c3 Nc6 5. Bb5 Qc7 6. Bf4 e6 7. Qh5 Bg6 8. Qe2 c4
9. h4 a6 10. Ba4 Bd3 11. Qd2 Nge7 12. Ne2 Ng6 13. h5 Nxf4 14. Nxf4 Bf5 15. f3
h6 16. g4 Bh7 17. Bc2 Be7 18. Bxh7 Rxh7 19. Qc2 Rh8 20. Ne2 O-O-O 21. Nd2 f6
22. f4 fxe5 23. fxe5 Rdf8 24. O-O-O Bg5 25. Qg6 Qd7 26. Rhf1 Qe8 27. Rxf8 Rxf8
28. Qxg7 Rg8 29. Qh7 Be3 30. Rf1 Nd8 31. Rf3 Bg5 32. a3 Rf8 33. Ng1 1/2-1/2

[Event "2023 Norbert Muller Cup (Division B)"]
[Site "Woodvale, Perth WA AUS"]
[Date "2023.11.29"]
[Round "7"]
[White "Balavignan, Ashvin"]
[Black "Leonhardt, Wolfgang"]
[Result "1/2-1/2"]
[ECO "E14"]
[WhiteElo "1683"]
[BlackElo "1760"]
[PlyCount "99"]
[EventDate "2023.10.11"]
[EventType "tourn"]
[EventRounds "7"]
[EventCountry "AUS"]
[TimeControl "3600+30"]

1. d4 Nf6 2. c4 c5 3. e3 e6 4. Nf3 b6 5. Nc3 Be7 6. d5 d6 7. Be2 O-O 8. O-O e5
9. e4 Ne8 10. h3 f5 11. exf5 Bxf5 12. Bd3 Nd7 13. Bxf5 Rxf5 14. Qd3 Rf8 15. Ne4
Ndf6 16. Nfg5 Qd7 17. Ne6 Rf7 18. N4g5 e4 19. Qe2 Nc7 20. Nxf7 Kxf7 21. Ng5+
Kg8 22. Nxe4 Re8 23. Nxf6+ Bxf6 24. Qc2 b5 25. Rb1 b4 26. b3 Re5 27. Bb2 Rg5
28. Bxf6 gxf6 29. Kh2 Qg7 30. Rg1 f5 31. Qd2 Ne8 32. Rbe1 Nf6 33. Qe2 Ne4 34.
f3 Qe5+ 35. g3 Rxg3 36. Qxe4 fxe4 37. Rxg3+ Kf7 38. Rxe4 Qb2+ 39. Rg2 Qc3 40.
f4 a5 41. Re6 Kf8 42. Rxd6 a4 43. Rc6 axb3 44. axb3 Qxb3 45. Rxc5 Qe3 46. Rc8+
Kf7 47. Rc7+ Kf8 48. Rc8+ Kf7 49. Rc7+ Kf8 50. Rc8+ 1/2-1/2

[Event "2023 Norbert Muller Cup (Division B)"]
[Site "Woodvale, Perth WA AUS"]
[Date "2023.11.29"]
[Round "7"]
[White "Oswald, Franz"]
[Black "Gough, Dylan"]
[Result "1/2-1/2"]
[ECO "D55"]
[WhiteElo "1678"]
[BlackElo "1823"]
[PlyCount "69"]
[EventDate "2023.10.11"]
[EventType "tourn"]
[EventRounds "7"]
[EventCountry "AUS"]
[TimeControl "3600+30"]

1. d4 Nf6 2. c4 e6 3. Nc3 d5 4. Bg5 Be7 5. e3 b6 6. cxd5 Nxd5 7. Bxe7 Qxe7 8.
Nf3 O-O 9. Rc1 Bb7 10. Bd3 Rc8 11. O-O Nd7 12. Qe2 N7f6 13. a3 Nxc3 14. Rxc3
Ne4 15. Rc2 Ng5 16. Nxg5 Qxg5 17. f3 c5 18. dxc5 Rxc5 19. Rfc1 Rac8 20. e4 Qe5
21. Rxc5 Rxc5 22. Rxc5 Qxc5+ 23. Kf1 Kf8 24. g3 e5 25. Kg2 Ke7 26. Qc2 Qxc2+
27. Bxc2 Kd6 28. Kf2 a5 29. Ke3 Ba6 30. f4 f6 31. h4 Bc4 32. g4 Be6 33. g5 fxg5
34. fxg5 b5 35. b4 1/2-1/2

[Event "2023 Norbert Muller Cup (Division B)"]
[Site "Woodvale, Perth WA AUS"]
[Date "2023.11.29"]
[Round "7"]
[White "Browning, Thomas"]
[Black "Weijermars, Tristan"]
[Result "1-0"]
[ECO "D51"]
[WhiteElo "1651"]
[BlackElo "1575"]
[PlyCount "49"]
[EventDate "2023.10.11"]
[EventType "tourn"]
[EventRounds "7"]
[EventCountry "AUS"]
[TimeControl "3600+30"]

1. d4 d5 2. c4 e6 3. Nf3 Nf6 4. Nc3 Nbd7 5. Bg5 c6 6. cxd5 exd5 7. Ne5 Be7 8.
e3 O-O 9. Bd3 Re8 10. h4 Nxe5 11. dxe5 Ng4 12. f4 Nxe3 13. Qf3 Nf5 14. O-O-O f6
15. exf6 Bxf6 16. g4 Ne3 17. Rde1 Bxg4 18. Qg3 d4 19. Ne4 Bxg5 20. hxg5 Bf5 21.
Nf6+ Kf7 22. Bxf5 Nxf5 23. Qb3+ Kg6 24. Nxe8 Qd5 25. Qxd5 1-0

[Event "2023 Norbert Muller Cup (Division C)"]
[Site "Woodvale, Perth WA AUS"]
[Date "2023.11.29"]
[Round "7"]
[White "Massam, Justin"]
[Black "Hintz, Steven"]
[Result "1-0"]
[ECO "A80"]
[WhiteElo "1542"]
[BlackElo "1553"]
[PlyCount "111"]
[EventDate "2023.10.11"]
[EventType "tourn"]
[EventRounds "7"]
[EventCountry "AUS"]
[TimeControl "3600+30"]

1. d4 e6 2. Nf3 f5 3. Bf4 Nf6 4. e3 d5 5. Nbd2 c6 6. c3 Be7 7. Bd3 O-O 8. O-O
Nbd7 9. Re1 Ne4 10. a3 Ndf6 11. Ne5 Bd7 12. c4 Be8 13. b4 a6 14. Rc1 Nd6 15.
Nb3 Nf7 16. Nc5 Bxc5 17. bxc5 Nxe5 18. Bxe5 Rc8 19. Qb3 Rf7 20. Rb1 Ng4 21. Bg3
h5 22. h4 g6 23. Qc2 Qf6 24. Rb6 Rd8 25. Qb1 Rdd7 26. f3 Nh6 27. Re2 Qd8 28.
Reb2 Qc8 29. Bf4 Kh7 30. a4 Ng8 31. a5 Nf6 32. Be5 Kg8 33. Bxf6 Rxf6 34. Rxb7
Qd8 35. cxd5 exd5 36. Bxa6 Qe7 37. Kf2 Re6 38. Qc1 Qxh4+ 39. Kg1 Qg5 40. f4 Qg3
41. R2b3 h4 42. Kf1 Qh2 43. Qd2 h3 44. Rb2 Qh1+ 45. Kf2 Qxg2+ 46. Ke1 Qg1+ 47.
Ke2 h2 48. Rb1 h1=Q 49. Rxg1 Qxg1 50. Rxd7 Qg2+ 51. Kd1 Qxd2+ 52. Kxd2 Bxd7 53.
Bb7 Bc8 54. Bxc8 Re7 55. a6 Kf7 56. Bb7 1-0

[Event "2023 Norbert Muller Cup (Division C)"]
[Site "Woodvale, Perth WA AUS"]
[Date "2023.11.29"]
[Round "7"]
[White "Akers, Gerard"]
[Black "Sethuraman, Jaswanth Ram"]
[Result "1-0"]
[ECO "C68"]
[WhiteElo "1562"]
[BlackElo "1298"]
[PlyCount "71"]
[EventDate "2023.10.11"]
[EventType "tourn"]
[EventRounds "7"]
[EventCountry "AUS"]
[TimeControl "3600+30"]

1. e4 e5 2. Nf3 Nc6 3. Bb5 a6 4. Bxc6 dxc6 5. h3 Bd6 6. O-O Nf6 7. Re1 O-O 8.
d4 Re8 9. dxe5 Bxe5 10. Qxd8 Rxd8 11. Nxe5 Re8 12. Nf3 Rxe4 13. Rxe4 Nxe4 14.
Nbd2 Nxd2 15. Bxd2 Bf5 16. c3 Rd8 17. Re1 h6 18. Re7 Bb1 19. Rxc7 Be4 20. Be3
Rd1+ 21. Kh2 b5 22. Ne5 Bd5 23. Nxc6 Bxa2 24. Bd4 Rd2 25. b4 Bc4 26. Ne7+ Kh7
27. Nf5 Bf1 28. Rxf7 Kg6 29. Nd6 Kg5 30. Be3+ Kg6 31. Bxd2 Bd3 32. Be3 Bc2 33.
Bd4 Bb3 34. Rxg7+ Kh5 35. g4+ Kh4 36. Bf6# 1-0

[Event "2023 Norbert Muller Cup (Division C)"]
[Site "Woodvale, Perth WA AUS"]
[Date "2023.11.29"]
[Round "7"]
[White "Brooke, John"]
[Black "Boswarva, Ernest"]
[Result "1-0"]
[ECO "C27"]
[WhiteElo "1462"]
[BlackElo "1537"]
[PlyCount "99"]
[EventDate "2023.10.11"]
[EventType "tourn"]
[EventRounds "7"]
[EventCountry "AUS"]
[TimeControl "3600+30"]

1. e4 d6 2. Nc3 Nf6 3. Bc4 e5 4. h3 Nbd7 5. Nf3 h6 6. a3 c6 7. d3 b5 8. Ba2 Be7
9. Bd2 Qc7 10. b4 g5 11. Nh2 Nf8 12. Qf3 Ng6 13. Ng4 Nf4 14. g3 N4h5 15. O-O-O
a5 16. Nxf6+ Nxf6 17. Rdf1 axb4 18. axb4 Be6 19. Bxe6 fxe6 20. Be3 Rf8 21. Qe2
d5 22. Bc5 d4 23. Nb1 Bxc5 24. bxc5 Qa7 25. Qd2 Qxc5 26. Kd1 Ra2 27. f3 b4 28.
Rh2 b3 29. Qc1 b2 30. Qd2 Ke7 31. Ke2 Rfa8 32. Rd1 Nh5 33. Kf2 Qb6 34. g4 Nf4
35. Kg3 c5 36. h4 Ra1 37. hxg5 hxg5 38. Rh7+ Kd6 39. Rg7 Qa6 40. Rxg5 Rh8 41.
Rxe5 Ne2+ 42. Qxe2 Kxe5 43. f4+ Kd6 44. e5+ Ke7 45. g5 Qa2 46. Qe1 Qa4 47. Qe2
Qa2 48. Qe1 Qa8 49. Qe4 Qxe4 50. dxe4 {Time expired} 1-0

[Event "2023 Norbert Muller Cup (Division C)"]
[Site "Woodvale, Perth WA AUS"]
[Date "2023.11.29"]
[Round "7"]
[White "Curtis, Calan"]
[Black "Walker, Colin"]
[Result "1-0"]
[ECO "D00"]
[WhiteElo "1431"]
[BlackElo "1461"]
[PlyCount "79"]
[EventDate "2023.10.11"]
[EventType "tourn"]
[EventRounds "7"]
[EventCountry "AUS"]
[TimeControl "3600+30"]

1. d4 d5 2. Nc3 e6 3. Bf4 Bd6 4. e3 Bxf4 5. exf4 a6 6. Nf3 Nc6 7. Ne5 Nf6 8. h3
Nxe5 9. fxe5 Nd7 10. Nb1 Nb6 11. Nd2 f6 12. f4 Qe7 13. c3 g6 14. Bd3 Bd7 15.
Qc2 f5 16. Nf3 O-O-O 17. O-O-O Qe8 18. Kb1 Na8 19. Nd2 c6 20. c4 Kb8 21. c5 Nc7
22. Nb3 Nb5 23. a4 Nxd4 24. Nxd4 Ka7 25. Qb3 Rb8 26. Qb6+ Ka8 27. Bxa6 Qd8 28.
Qxd8 Rbxd8 29. Bd3 Kb8 30. a5 Kc7 31. Kc2 Ra8 32. Ra1 Rhb8 33. g4 Ra7 34. gxf5
exf5 35. h4 Rg8 36. Rhg1 Raa8 37. e6 Be8 38. Nxf5 Rf8 39. Nd6 Rxf4 40. Rgf1 1-0

[Event "2023 Norbert Muller Cup (Division D)"]
[Site "Woodvale, Perth WA AUS"]
[Date "2023.11.29"]
[Round "7"]
[White "Lanham, Bruce"]
[Black "Knight, Charles"]
[Result "1/2-1/2"]
[ECO "A49"]
[WhiteElo "1215"]
[BlackElo "1440"]
[PlyCount "160"]
[EventDate "2023.10.11"]
[EventType "swiss"]
[EventRounds "7"]
[EventCountry "AUS"]
[TimeControl "3600+30"]

1. Nf3 g6 2. g3 Bg7 3. Bg2 d6 4. d4 Nf6 5. O-O O-O 6. Nbd2 Nc6 7. c3 e5 8. dxe5
dxe5 9. Nc4 Qe7 10. Bg5 Rd8 11. Qc2 Bf5 12. Qb3 Rab8 13. Ne3 Be6 14. Qc2 Rd6
15. b3 h6 16. Bxf6 Bxf6 17. Rad1 Rbd8 18. Rxd6 Rxd6 19. Rd1 Rxd1+ 20. Qxd1 Qc5
21. Qc2 a5 22. Nd2 Bg7 23. Kf1 Qb6 24. Nd1 Ne7 25. Nb2 c6 26. e3 Bd5 27. Nbc4
Bxg2+ 28. Kxg2 Qc5 29. Qb2 f5 30. Qa3 Qxa3 31. Nxa3 b5 32. Nc2 c5 33. c4 b4 34.
e4 Kf7 35. f4 Nc6 36. fxe5 Nxe5 37. exf5 gxf5 38. Ne1 Ke6 39. h3 h5 40. Kf2 Nc6
41. Nd3 Kd6 42. Nf3 Nd4 43. Ke3 Bh6+ 44. Kf2 Nc2 45. Nb2 Bg7 46. Na4 Nd4 47.
Ne1 Ne6 48. Nd3 Ke7 49. Kf3 Bd4 50. Nf4 Ng5+ 51. Kg2 Ne4 52. Nxh5 Nc3 53. Nf4
Nxa2 54. Nd3 Kd6 55. Kf3 Nc3 56. Nab2 Ne4 57. g4 Nd2+ 58. Kf4 fxg4 59. hxg4
Nxb3 60. g5 Ke6 61. Na4 Nd2 62. g6 Nxc4 63. Ndxc5+ Kf6 64. Nb3 Be5+ 65. Ke4 Bc7
66. Kd4 Nb6 67. Nxb6 Bxb6+ 68. Kc4 Kxg6 69. Kb5 Bd8 70. Ka4 Kf5 71. Kb5 Ke4 72.
Ka4 Kd3 73. Kb5 Kc3 74. Ka4 Kb2 75. Nc5 Bb6 76. Nb3 Kc3 77. Nc1 Be3 78. Nb3 Bb6
79. Nc1 Kc2 80. Nb3 Kb2 1/2-1/2

[Event "2023 Norbert Muller Cup (Division D)"]
[Site "Woodvale, Perth WA AUS"]
[Date "2023.11.29"]
[Round "7"]
[White "Gough, Sebastian"]
[Black "Nel, Kevin"]
[Result "1-0"]
[ECO "D00"]
[WhiteElo "1058"]
[BlackElo "1147"]
[PlyCount "87"]
[EventDate "2023.10.11"]
[EventType "swiss"]
[EventRounds "7"]
[EventCountry "AUS"]
[TimeControl "3600+30"]

1. d4 Nf6 2. Bg5 d5 3. Bxf6 exf6 4. e3 c6 5. Bd3 Bd6 6. Nd2 Be6 7. f4 f5 8.
Ngf3 Nd7 9. Ne5 O-O 10. O-O Nf6 11. Rf3 Bxe5 12. fxe5 Ng4 13. Rg3 Qh4 14. Rh3
Qf2+ 15. Kh1 Nxe3 16. Qe2 Ng4 17. Qxf2 Nxf2+ 18. Kg1 Nxh3+ 19. gxh3 f4 20. Rf1
g5 21. h4 h6 22. hxg5 hxg5 23. Nf3 f6 24. exf6 Rxf6 25. Nxg5 Bg4 26. Nh7 Rf7
27. Kf2 Re8 28. Rg1 Rg7 29. Nf6+ Kf7 30. Nxe8 Kxe8 31. h3 b5 32. Rxg4 Rxg4 33.
hxg4 a5 34. Kf3 Kf7 35. Kxf4 b4 36. Ke5 a4 37. Kd6 Kf6 38. Kxc6 Kg5 39. Kxd5
Kxg4 40. Kc6 Kf4 41. b3 a3 42. d5 Ke5 43. d6 Kf6 44. Kc7 1-0

[Event "2023 Norbert Muller Cup (Division D)"]
[Site "Woodvale, Perth WA AUS"]
[Date "2023.11.29"]
[Round "7"]
[White "Overste, Brian"]
[Black "Powell, Darren"]
[Result "0-1"]
[ECO "C50"]
[WhiteElo "998"]
[BlackElo "1336"]
[PlyCount "98"]
[EventDate "2023.10.11"]
[EventType "swiss"]
[EventRounds "7"]
[EventCountry "AUS"]
[TimeControl "3600+30"]

1. e4 e5 2. Nf3 Nc6 3. Bc4 d6 4. h3 Nf6 5. Ng5 d5 6. exd5 Nxd5 7. Qf3 Qxg5 8.
Bxd5 Qg6 9. Nc3 Nd4 10. Qe4 Nxc2+ 11. Kf1 Qxe4 12. Nxe4 Nxa1 13. Ng5 f6 14. Ne4
Nc2 15. Kg1 Nd4 16. Ng3 c6 17. Be4 f5 18. Bd3 g6 19. Kh2 Bd6 20. Re1 c5 21. Bc4
b5 22. Bd5 Rb8 23. d3 h6 24. Kg1 Kd7 25. f4 exf4 26. Ne2 Re8 27. Kf2 Nxe2 28.
Rxe2 Rxe2+ 29. Kxe2 Bb7 30. Bf7 Bxg2 31. Bxg6 Bxh3 32. Kf3 Bg4+ 33. Kf2 Ke7 34.
b3 Kf6 35. Bh7 Kg7 36. Bxf5 Bxf5 37. Bb2+ Kg6 38. d4 Re8 39. dxc5 Bxc5+ 40. Kf3
Kg5 41. Bc1 Bd6 42. a3 h5 43. a4 bxa4 44. bxa4 h4 45. Kg2 h3+ 46. Kh2 Re2+ 47.
Kh1 Re1+ 48. Kh2 Rxc1 49. a5 f3# 0-1

[Event "2023 Norbert Muller Cup (Division D)"]
[Site "Woodvale, Perth WA AUS"]
[Date "2023.11.29"]
[Round "7"]
[White "Owen, Geoffrey"]
[Black "Jahn, Harold"]
[Result "0-1"]
[ECO "C23"]
[WhiteElo "1120"]
[BlackElo "997"]
[PlyCount "70"]
[EventDate "2023.10.11"]
[EventType "swiss"]
[EventRounds "7"]
[EventCountry "AUS"]
[TimeControl "3600+30"]

1. e4 e5 2. Nf3 Bc5 3. Bc4 d6 4. O-O Bg4 5. Nc3 Qf6 6. Nd5 Qd8 7. c3 Nd7 8. b4
Bb6 9. a4 c6 10. a5 Bc7 11. Nxc7+ Qxc7 12. Qb3 Nh6 13. Ng5 O-O-O 14. Bxf7 Nf6
15. Ne6 Qxf7 16. a6 b6 17. b5 Bxe6 18. Qa4 c5 19. d3 Bb3 20. Qa3 Nhg4 21. c4
Bc2 22. Ra2 Bxd3 23. Qxd3 h5 24. f4 exf4 25. Bxf4 Rhe8 26. Bg5 Qg6 27. Bxf6
Nxf6 28. Rxf6 Qxf6 29. Qd5 Qd4+ 30. Qxd4 cxd4 31. Rf2 Rxe4 32. Rf7 Kb8 33. Rb7+
Ka8 34. Rxg7 Rf8 35. Rd7 Re1# 0-1